 Dungeon Crawl Stone Soup version 0.31.0-11-ge490571c62 (webtiles) character file.

Game seed: 11666564247496422550

634 Bnni the Twirler (level 7, 0/58 HPs)
             Began as a Formicid Fighter on Feb 8, 2024.
             Incinerated by a bombardier beetle (5 damage)
             ... with a burning spray
             ... on level 5 of the Dungeon.
             The game lasted 00:05:01 (3449 turns).

Bnni the Twirler (Formicid Fighter)                 Turns: 3449, Time: 00:05:01

Health: 0/58       AC: 12    Str: 22    XL:     7   Next: 79%
Magic:  7/7        EV:  6    Int:  8    God:
Gold:   425        SH:  5    Dex: 13    Spells: 6/6 levels left

rFire   . . .        a - +0 quarterstaff
rCold   . . .        c - +0 buckler
rNeg    + . .        n - +0 plate armour
rPois   .            (helmet unavailable)
rElec   .            (no cloak)
rCorr   .            b - +0 pair of gloves
SInv    +            (no boots)
Will    .....        (no amulet) Stlth
                     t - ring of positive energy
HPRegen 0.29/turn    (no ring)
MPRegen 0.10/turn

%: no passive effects
@: on fire, glowing
A: permanent stasis, dig shafts and tunnels, antennae 3, four strong arms
a: Dig, Shaft Self


You were on level 5 of the Dungeon.
You visited 1 branch of the dungeon, and saw 5 of its levels.

You collected 425 gold pieces.

Inventory:

Hand Weapons
 a - a +0 quarterstaff (weapon)
Missiles
 o - 14 poisoned darts
 u - a boomerang
Armour
 b - a +0 pair of gloves (worn)
 c - a +0 buckler (worn)
 n - a +0 plate armour (worn)
Jewellery
 t - a ring of positive energy (left hand)
Wands
 p - a wand of flame (7)
Scrolls
 f - 2 scrolls of vulnerability {unknown}
 i - 3 scrolls of identify {unknown}
 j - a scroll of brand weapon {unknown}
 k - a scroll of noise {unknown}
 l - a scroll of torment {unknown}
 m - a scroll of poison {unknown}
 q - a scroll of enchant weapon {unknown}
 r - a scroll of blinking {unknown}
 s - 3 scrolls of fear {unknown}
 v - a scroll of immolation {unknown}
 y - a scroll of revelation {unknown}
 z - a scroll of silence {unknown}
Potions
 d - a potion of might
 e - 5 potions of curing {unknown}
 g - a potion of resistance {unknown}
 h - 3 potions of degeneration {unknown}
 w - a potion of attraction {unknown}
 x - a potion of heal wounds {unknown}


   Skills:
 + Level 6.0 Fighting
 * Level 6.7 Staves
 - Level 3.2 Armour
 - Level 4.0 Shields


You had 6 spell levels left.
You didn't know any spells.
Your spell library contained the following spells:

 Spells                   Type           Power      Damage    Failure   Level
 Apportation              Tloc           0%         N/A       100%        1
 Necrotise                Necr           0%         1d4       100%        1
 Sting                    Conj/Alch      0%         1d3       100%        1
 Summon Small Mammal      Summ           0%         N/A       100%        1


Dungeon Overview and Level Annotations

Branches:
Dungeon (5/15)
 Temple: D:4-7

Altars:
Nemelex Xobeh
Okawaru

Shops:
D:4 =   D:5 *


Innate Abilities, Weirdness & Mutations

You cannot be hasted, slowed, berserked, paralysed or teleported.
You can dig through walls and to a lower floor.
You have a pair of large antennae on your head. (SInv)
Your four strong arms can wield two-handed weapons with a shield.


Message History

The orc priest barely misses you.
You hit the orc priest.
The orc priest is heavily wounded.
You block the orc priest's attack.
You hit the orc priest.
The orc priest is severely wounded.
The orc priest hits you with a +0 dagger.
You hit the orc priest but do no damage.
The orc priest is severely wounded.
The orc priest barely misses you.
You hit the orc priest.
The orc priest is severely wounded.
The orc priest calls down the wrath of Beogh upon you.
Beogh smites you!
You hit the orc priest but do no damage.
The orc priest is severely wounded.
The orc priest hits you but does no damage.
The bombardier beetle sprays incendiary fluid at you.
The burning spray hits you.
You are covered in liquid fire!
You hit the orc priest.
You kill the orc priest!
The liquid fire burns you!
* * * LOW HITPOINT WARNING * * *
The bombardier beetle sprays incendiary fluid at you.
The burning spray hits you.
You are even more covered in liquid fire!
Your Fighting skill increases to level 6!
You shake off some of the fire as you move.
The liquid fire burns you!
* * * LOW HITPOINT WARNING * * *
You shake off some of the fire as you move.
The liquid fire burns you!
* * * LOW HITPOINT WARNING * * *
You shake off some of the fire as you move.
The liquid fire burns you!
* * * LOW HITPOINT WARNING * * *
You shake off some of the fire as you move.
The liquid fire burns you!
You die...

.....#.#####.######.##...
####...# #.....##.#..#
#..### #####..#.#.#
#....#### ##.#...#
##.##....# #.B))#
#..#####.## ##...### #.##
#..## #.....# #.#
##..#####.#.#..... ##.#
##.#..@..#..#.#.. #.<#
#...######.#.# . #.##
##..## .# .. #.#
######....# .. ..
##.##......).##.### (....
......####### #...## ....
...#### ###..##..#.. ...#
#######........ ..##
##............##


There were no monsters in sight!

Vanquished Creatures
  Sigmund (D:3)
  A phantom (D:5)
  A jelly (D:4)
  A hound (D:4)
  3 orc priests
  4 orc wizards
  Terence (D:3)
  4 adders
  A dart slug (D:2)
  3 ribbon worms
  6 orcs
  9 ball pythons
  6 endoplasms
  3 giant cockroaches
  11 goblins
  3 hobgoblins
  4 jackals (D:1)
  6 kobolds
  3 quokkas
  3 bats
  A frilled lizard (D:2)
  2 rats
77 creatures vanquished.

Notes
Turn   | Place    | Note
-------+----------+-------------------------------------------
     0 | D:1      | Bnni the Formicid Fighter began the quest for the Orb.
     0 | D:1      | Reached XP level 1. HP: 18/18 MP: 1/1
   133 | D:1      | Reached XP level 2. HP: 20/24 MP: 2/2
  1072 | D:2      | Reached XP level 3. HP: 23/30 MP: 3/3
  1521 | D:3      | Found an iron altar of Okawaru.
  1529 | D:3      | Reached XP level 4. HP: 37/37 MP: 4/4
  1875 | D:3      | Noticed Sigmund
  1893 | D:3      | Killed Sigmund
  1894 | D:3      | Reached skill level 5 in Staves
  1894 | D:3      | Reached XP level 5. HP: 21/43 MP: 5/5
  1894 | D:3      | Reached XP level 6. HP: 25/50 MP: 6/6
  2005 | D:3      | Noticed Terence
  2025 | D:3      | Killed Terence
  2026 | D:3      | Reached skill level 5 in Fighting
  2413 | D:4      | Reached XP level 7. HP: 55/56 MP: 7/7
  2737 | D:4      | Found Qittapy's Jewellery Shop.
  2884 | D:4      | Found a sparkling altar of Nemelex Xobeh.
  3260 | D:5      | Entered Level 5 of the Dungeon
  3380 | D:5      | Found Negg's Elemental Accessories.
  3449 | D:5      | Incinerated by a bombardier beetle

Illustrated notes

Levels and vault maps discovered:
D:1:      minmay_arrival_stone_box, layout_basic
D:2:      layout_rooms
D:3:      layout_loops_cross, mainiacjoe_overflow_cross_hatched,
          minmay_gold_behind_fungi, uniq_sigmund, uniq_terence
D:4:      minmay_evil_eye, layout_basic, overflow_temple_1_default,
          serial_shops, nicolae_shop_stone, minmay_unequal
D:5:      layout_rooms, serial_shops, kennysheep_mini_moat,
          nicolae_elemental_shop

Skill      XL: |  1  2  3  4  5  6  7 |
---------------+----------------------+-----
Staves         | 3 5 6 |  6.7
Fighting       | 4 5 6 |  6.0
Armour         | |  3.2
Shields        | |  4.0

Action                     |  1- 3 |  4- 6 |  7- 9 || total
---------------------------+-------+-------+-------++-------
  Melee: Quarterstaff      |    74 |    93 |    93 ||   260
Ability: Dig               |       |     1 |       ||     1
 Armour: Scale mail        |    43 |       |       ||    43
         Plate armour      |    14 |    50 |    71 ||   135
         Skin              |     1 |       |       ||     1
  Dodge: Dodged            |    39 |    20 |    21 ||    80
  Block: Buckler           |    17 |    16 |    17 ||    50
